 Dungeon Crawl Stone Soup version 0.29.1-14-g9c671dbff4 (webtiles) character file.

Game seed: 5764713651077933740

4654 Ninekei the Fighter (level 10, -7/138 HPs)
             Began as a Minotaur Berserker on Feb 20, 2023.
             Was a High Priest of Trog.
             Mangled by an ogre
             ... wielding a +0 giant spiked club
              (20 damage)
             ... on level 8 of the Dungeon.
             The game lasted 00:39:09 (9934 turns).

Ninekei the Fighter (Minotaur Berserker)            Turns: 9934, Time: 00:39:10

Health: -7/138     AC: 14    Str: 25    XL:     10   Next: 20%
Magic:  0/9        EV: 10    Int:  4    God:    Trog [*****.]
Gold:   400        SH:  0    Dex: 11    Spells: 9/9 levels left

rFire   . . .      SeeInvis .   J - +1 halberd (vamp)
rCold   . . .      Faith    .   (shield currently unavailable)
rNeg    . . .      Spirit   +   g - +0 plate armour
rPois   .          Reflect  .   (helmet restricted)
rElec   .          Harm     .   (no cloak)
rCorr   .          Rampage  .   (no gloves)
Will    .....                   (no boots)
Stlth   ..........              r - amulet of guardian spirit
HPRegen 0.33/turn               (no ring)
MPRegen 0.11/turn               (no ring)

@: mighty, berserking (expiring), lethally poisoned (-7 -> -41), very quick
A: horns 2, retaliatory headbutt
a: Renounce Religion, Berserk, Trog's Hand, Brothers in Arms


You were on level 8 of the Dungeon.
You worshipped Trog.
Trog was extremely pleased with you.
You visited 1 branch of the dungeon, and saw 8 of its levels.

You collected 400 gold pieces.

Inventory:

Hand Weapons
 k - a +0 dagger of venom
 m - a +1 dire flail of freezing
 n - a +3 vorpal spear
 A - a +2 whip of electrocution
 E - a +3 scimitar of freezing
 F - a +1 mace
 H - a +1 vorpal battleaxe
 I - a +5 battleaxe
 J - a +1 vampiric halberd (weapon)
Missiles
 s - a throwing net
Armour
 a - +0 steam dragon scales
 b - a +0 animal skin
 d - a +0 chain mail
 g - a +0 plate armour (worn)
 o - a +0 scale mail
Jewellery
 r - an amulet of guardian spirit (around neck)
 v - a ring of wizardry
Wands
 p - a wand of roots (19)
 x - a wand of digging (5)
 y - a wand of charming (1)
 z - a wand of acid (3)
 D - a wand of mindburst (21) (quivered)
Scrolls
 e - 11 scrolls of identify
 u - 2 scrolls of fog
 B - a scroll of poison
Potions
 c - 3 potions of lignification
 h - a potion of flight {unknown}
 i - a potion of haste {unknown}
 j - a potion of mutation {unknown}
 l - 2 potions of brilliance
 q - a potion of berserk rage {unknown}
 t - 3 potions of curing
 w - 2 potions of resistance {unknown}
 C - 2 potions of attraction {unknown}
 G - a potion of magic {unknown}


   Skills:
 + Level 9.7 Fighting
 + Level 4.9(7.2) Axes
 - Level 8.2(8.9) Maces & Flails
 + Level 9.3 Armour
 + Level 8.5 Dodging


You had 9 spell levels left.
You didn't know any spells.
Your spell library contained the following spells:

 Spells                   Type           Power      Damage    Failure   Level
 Necrotise                Necr           0%         1d4       99%         1
 Slow                     Hex            0%         N/A       99%         1
 Ensorcelled Hibernation  Hex/Ice        0%         N/A       100%        2
 Passwall                 Tmut/Erth      0%         N/A       100%        2
 Confusing Touch          Hex            0%         N/A       100%        3
 Conjure Flame            Conj/Fire      0%         6-21      100%        3
 Ignite Poison            Fire/Tmut/Pois 0%         N/A       100%        3
 Portal Projectile        Hex/Tloc       0%         N/A       100%        3
 Swiftness                Air            0%         N/A       100%        3
 Tukima's Dance           Hex            0%         N/A       100%        3
 Vampiric Draining        Necr           0%         2d6       100%        3
 Sticky Flame             Conj/Fire      0%         2d3       100%        4
 Agony                    Necr           0%         N/A       100%        5
 Blade Hands              Tmut           0%         N/A       100%        5
 Conjure Ball Lightning   Conj/Air       0%         3x3d6     100%        6
 Discord                  Hex            0%         N/A       100%        8
 Disjunction              Tloc           0%         N/A       100%        8


Dungeon Overview and Level Annotations

Branches:
Dungeon (8/15)             Temple (0/1) D:5
   Lair: D:8-11

Altars:
Kikubaaqudgha
Nemelex Xobeh
Zin

Shops:
D:5 :   D:8 =

Annotations:
D:8 1 transporter, TangoThomas's ghost, novice DsGl


Innate Abilities, Weirdness & Mutations

You have a pair of horns on your head.
You reflexively headbutt those who attack you in melee.


Message History

You feel very sick. TangoThomas's ghost hits you. The ogre closely misses you.
You completely miss TangoThomas's ghost.
You headbutt TangoThomas's ghost.
TangoThomas's ghost is heavily damaged.
You feel very sick. The ogre closely misses you. TangoThomas's ghost hits you.
You are more poisoned.
You closely miss TangoThomas's ghost.
Your headbutt misses TangoThomas's ghost.
TangoThomas's ghost is heavily damaged.
You feel extremely sick.
The ogre hits you with a +0 giant spiked club!
The ogre hits you with a +0 giant club!!
TangoThomas's ghost hits you but does no damage.
You are more poisoned.
You barely miss TangoThomas's ghost.
TangoThomas's ghost is heavily damaged.
You feel extremely sick.
TangoThomas's ghost hits you but does no damage.
You are more poisoned.
The ogre hits you with a +0 giant spiked club!
* * * LOW HITPOINT WARNING * * *
You are too berserk!
You are too berserk!
You are too berserk!
You puncture TangoThomas's ghost!
TangoThomas's ghost is severely damaged.
You feel extremely sick.
The ogre hits you with a +0 giant club!!
* * * LOW HITPOINT WARNING * * *
You completely miss TangoThomas's ghost.
Your headbutt misses TangoThomas's ghost.
TangoThomas's ghost is severely damaged.
* * * LOW HITPOINT WARNING * * *
You feel very sick.
TangoThomas's ghost hits you but does no damage.
You are more poisoned.
The ogre hits you with a +0 giant spiked club!!
You die...

.# .# ##### .##
#..######## ..#
#..#©.!...# ..#
###..#.#..#.# ..#
#....#..##..# ..#
#.#..#[.##..#
..####...©#!#..#O#
..........#[..OW@#
..######.©#)#..#O#
.## #..#..##..# .#
#..#..##..# .#
#..#.#..#.# .#
#..#......# .##
#.)########
..########...#
.......# #.###


You could see a two-headed ogre, 2 ogres and TangoThomas's ghost.

Vanquished Creatures
  A two-headed ogre (D:8)
  Pikel (D:5)
  Sigmund (D:2)
  A steam dragon (D:7)
  3 yaks (D:8)
  Edmund (D:4)
  A water moccasin (D:6)
  2 ogres (D:5)
  A centaur (D:6)
  A lemure (D:5)
  2 phantoms
  2 kobold brigands
  Blork the orc (D:5)
  2 bullfrogs (D:8)
  3 gnoll sergeants
  A scorpion (D:6)
  9 wights
  3 electric eels (D:8)
  A howler monkey (D:6)
  5 jellies
  4 orc priests
  2 hounds (D:4)
  An iguana (D:7)
  Terence (D:3)
  Natasha (thrice) (D:2)
  9 orc wizards
  Ijyb (D:5)
  Robin (D:2)
  16 gnolls
  9 adders
  A shadow imp (D:6)
  A white imp (D:6)
  2 worms
  2 dart slugs
  26 orcs
  10 ball pythons
  6 bats
  8 endoplasms
  5 giant cockroaches
  20 goblins
  13 hobgoblins
  4 quokkas
  4 frilled lizards
  16 kobolds
  4 rats (D:1)
211 creatures vanquished.

Vanquished Creatures (others)
  8 bushes (D:6)
8 creatures vanquished.

Grand Total: 219 creatures vanquished

Notes
Turn   | Place    | Note
-------+----------+-------------------------------------------
     0 | D:1      | Ninekei the Minotaur Berserker began the quest for the Orb.
     0 | D:1      | Reached XP level 1. HP: 19/19 MP: 0/0
    94 | D:1      | Reached XP level 2. HP: 27/27 MP: 1/1
   540 | D:1      | Reached XP level 3. HP: 27/33 MP: 2/2
   705 | D:1      | Reached ** piety under Trog
  1572 | D:2      | Noticed Sigmund
  1593 | D:2      | Killed Sigmund
  1594 | D:2      | Reached skill level 5 in Maces & Flails
  1594 | D:2      | Reached XP level 4. HP: 19/41 MP: 3/3
  1594 | D:2      | Reached XP level 5. HP: 22/47 MP: 4/4
  1759 | D:2      | Noticed Natasha
  1765 | D:2      | Killed Natasha
  1766 | D:2      | Reached skill level 5 in Fighting
  1769 | D:2      | Noticed Natasha
  1778 | D:2      | Killed Natasha
  1779 | D:2      | Reached XP level 6. HP: 8/56 MP: 5/5
  2072 | D:2      | Noticed Robin
  2087 | D:2      | Killed Robin
  2298 | D:2      | Found a faded altar of an unknown god.
  2336 | D:2      | Noticed Natasha
  2341 | D:2      | Killed Natasha
  2556 | D:2      | Found an ancient bone altar of Kikubaaqudgha.
  2800 | D:3      | Reached *** piety under Trog
  2830 | D:3      | Noticed Terence
  2838 | D:3      | Killed Terence
  4039 | D:4      | Noticed Edmund
  4056 | D:4      | Killed Edmund
  4057 | D:4      | Reached skill level 5 in Armour
  4057 | D:4      | Reached XP level 7. HP: 20/62 MP: 1/6
  4483 | D:4      | Reached skill level 5 in Dodging
  4773 | D:4      | Found a glowing silver altar of Zin.
  5132 | D:5      | Entered Level 5 of the Dungeon
  5215 | D:5      | Found a staircase to the Ecumenical Temple.
  5291 | D:5      | Noticed Ijyb
  5301 | D:5      | Killed Ijyb
  5301 | D:5      | Reached **** piety under Trog
  5302 | D:5      | Reached XP level 8. HP: 71/71 MP: 3/7
  5564 | D:5      | Noticed Pikel
  5574 | D:5      | Killed Pikel
  5755 | D:5      | Noticed Blork the orc
  5762 | D:5      | Killed Blork the orc
  5827 | D:5      | Found Uwyrphua's Book Shoppe.
  6449 | D:6      | Reached XP level 9. HP: 56/81 MP: 3/8
  6982 | D:6      | Reached skill level 1 in Axes
  8510 | D:8      | Noticed a two-headed ogre
  8707 | D:8      | Reached ***** piety under Trog
  8717 | D:8      | Reached XP level 10. HP: 70/91 MP: 6/9
  8731 | D:8      | Killed a two-headed ogre
  8917 | D:8      | Found a transporter.
  8920 | D:8      | Found a transporter.
  8921 | D:8      | Noticed a two-headed ogre
  8921 | D:8      | Noticed TangoThomas's ghost (novice DsGl)
  8953 | D:8      | Found a sparkling altar of Nemelex Xobeh.
  8960 | D:8      | Found Sown's Jewellery Shoppe.
  9934 | D:8      | Mangled by an ogre

Illustrated notes

Levels and vault maps discovered:
D:1:      elethiomel_arrival_maze, layout_basic, minmay_tall_x
D:2:      layout_basic, chequers_ecumenical_altar_grove, basic_altar,
          uniq_robin, uniq_natasha, uniq_sigmund
D:3:      layout_basic, st_stairs_9, uniq_terence
D:4:      layout_loops_ring, zin_statuary, uniq_edmund
D:5:      layout_gridville, minmay_temple_entry_hall, serial_shops, shop,
          uniq_pikel, uniq_blork_the_orc, uniq_ijyb
D:6:      minmay_klotski, layout_basic, minmay_checkerbox
D:7:      layout_basic
D:8:      layout_loops_ring, nemelex_xobeh_ov_fountains_minmay,
          gammafunk_ghost_smash, nicolae_inconvenience_store,
          minmay_splitting_lines, kennysheep_windowed_goal

Skill      XL: |  1  2  3  4  5  6  7  8  9 |
---------------+----------------------------+-----
Maces & Flails | 4 5 6 7 8 |  8.2
Fighting       | 4 5 6 7 9 |  9.7
Armour         | 3 4 5 6 7 9 |  9.3
Dodging        | 3 4 5 6 8 |  8.5
Axes           | 4 |  4.9

Action                   |  1- 3 |  4- 6 |  7- 9 | 10-12 || total
-------------------------+-------+-------+-------+-------++-------
Melee: Mace              |    62 |       |       |       ||    62
       Headbutt          |    13 |    29 |    35 |     4 ||    81
       Dagger            |    36 |   114 |       |       ||   150
       Punch             |       |     1 |       |       ||     1
       Dire flail        |       |       |   158 |       ||   158
       Battleaxe         |       |       |   110 |    10 ||   120
       Halberd           |       |       |       |     8 ||     8
Throw: Throwing net      |       |       |       |     1 ||     1
Invok: Berserk           |     1 |     2 |     4 |     1 ||     8
       Trog's Hand       |     1 |     1 |       |       ||     2
Evoke: Wand              |       |       |       |     4 ||     4
  Use: Scroll            |     3 |     5 |     4 |       ||    12
       Potion            |       |       |     5 |     1 ||     6
Armor: Chain mail        |     4 |       |       |       ||     4
       Plate armour      |    59 |    65 |   148 |    11 ||   283
Dodge: Dodged            |    52 |    31 |   120 |    14 ||   217
